General information
- name: BNet
- type: Ladder team game (AT/RT)
- host: Battle.net
- saver: mayonegg
map: GardenOfWar
- players: 8
- length: 102:51
- speed: Fast
- version: 1.20 WAR3
- replay type: Public
» download(291 KB)
Players
team 1 (winner)
coolrobert (
red | 21 APM | 819 actions | 38:45)
10 Demon Hunter
3 Immolation
3 Mana Burn
1 Metamorphosis
3 Evasion
2 Priestess of the Moon
1 Trueshot Aura
1 Searing Arrows
» actions
| Assign group hotkey | 26 | |
| Basic commands | 20 | |
| Build / train | 89 | |
| Enter build submenu | 21 | |
| Enter hero's abilities submenu | 13 | |
| Right click | 225 | |
| Select / deselect | 293 | |
| Select group hotkey | 88 | |
| Use ability | 44 | |
819 total
» units
| Wisp | 14 | |
| Chimaera | 8 | |
| Hippogryph | 6 | |
| Archer | 6 | |
| Druid of the Talon | 6 | |
| Huntress | 5 | |
45 total
» upgrades
| Hippogryph Taming | 1 | |
| Strength of the Wild | 3 | |
| Improved Bows | 1 | |
| Druid of the Talon Training | 2 | |
| Upgrade Moon Glaive | 1 | |
| Marksmanship | 1 | |
| Strength of the Moon | 2 | |
| Reinforced Hides | 1 | |
| Corrosive Breath | 1 | |
| Moon Armor | 1 | |
14 total
» buildings
| Altar of Elders | 1 | |
| Moon Well | 8 | |
| Tree of Ages | 1 | |
| Hunter's Hall | 1 | |
| Ancient of Wind | 1 | |
| Tree of Eternity | 1 | |
| Ancient of Lore | 1 | |
| Chimaera Roost | 2 | |
| Ancient of War | 1 | |
| Tree of Life | 2 | |
19 total
» build order
00:10 Altar of Elders
00:12 Moon Well
01:11 Tree of Ages
02:44 Hunter's Hall
03:19 Ancient of Wind
03:39 Moon Well
03:47 Tree of Eternity
04:43 Moon Well
05:01 Ancient of Lore
05:42 Moon Well
05:59 Chimaera Roost
06:33 Chimaera Roost
06:38 Moon Well
07:40 Moon Well
10:06 Ancient of War
12:21 Moon Well
13:20 Moon Well
15:51 Tree of Life
32:48 Tree of Life

»
mayonegg (
yellow | 30 APM | 3037 actions | 102:51)
10 Blademaster
3 Wind Walk
3 Critical Strike
1 Bladestorm
3 Mirror Image
» actions
| Assign group hotkey | 10 | |
| Basic commands | 267 | |
| Build / train | 175 | |
| Enter build submenu | 166 | |
| Enter hero's abilities submenu | 10 | |
| Give item / drop item | 4 | |
| Remove unit from queue | 15 | |
| Right click | 1021 | |
| Select / deselect | 634 | |
| Select group hotkey | 204 | |
| Use ability | 528 | |
3037 total
» units
| Peon | 109 | |
| Forest Troll Berserker | 1 | |
| Forest Troll Shadow Priest | 1 | |
| Ogre Mauler | 1 | |
| Wind Rider | 11 | |
123 total
» upgrades
| Spiked Barricades | 3 | |
| Pillage | 1 | |
| Armor | 3 | |
| Ranged Weapons | 3 | |
| Envenomed Spears | 1 | |
11 total
» buildings
| Altar of Storms | 3 | |
| Orc Burrow | 20 | |
| War Mill | 8 | |
| Watch Tower | 414 | |
| Great Hall | 5 | |
| Stronghold | 2 | |
| Fortress | 1 | |
| Beastiary | 1 | |
454 total
» build order
00:03 Altar of Storms
00:18 Orc Burrow
01:09 War Mill
01:53 Orc Burrow
02:16 Watch Tower
02:36 Watch Tower
03:52 Watch Tower
03:57 Watch Tower
04:33 Watch Tower
04:35 Watch Tower
04:37 Watch Tower
04:57 Watch Tower
05:01 Watch Tower
05:34 Watch Tower
05:36 Watch Tower
07:11 War Mill
07:40 Orc Burrow
07:58 Orc Burrow
08:51 Orc Burrow
08:55 Orc Burrow
08:57 Orc Burrow
08:58 Orc Burrow
11:56 Watch Tower
11:59 Watch Tower
11:59 Watch Tower
12:01 Watch Tower
12:01 Watch Tower
12:02 Watch Tower
12:04 Watch Tower
12:05 Watch Tower
13:09 Watch Tower
13:18 Watch Tower
15:14 Watch Tower
15:23 Great Hall
15:26 Watch Tower
15:33 Watch Tower
15:58 Watch Tower
16:20 Watch Tower
17:04 Great Hall
17:37 Watch Tower
17:55 Watch Tower
19:27 War Mill
19:44 Watch Tower
19:46 Watch Tower
19:48 Watch Tower
19:49 Watch Tower
19:51 Watch Tower
19:52 Watch Tower
19:53 Watch Tower
19:54 Watch Tower
20:13 Orc Burrow
20:29 Watch Tower
20:31 Watch Tower
20:32 Watch Tower
20:34 Watch Tower
20:35 Watch Tower
20:37 Watch Tower
20:38 Watch Tower
20:41 Watch Tower
20:44 Watch Tower
20:46 Watch Tower
20:46 Watch Tower
21:11 Orc Burrow
21:13 Orc Burrow
21:15 Orc Burrow
21:16 Orc Burrow
21:17 Orc Burrow
21:33 Watch Tower
21:35 Watch Tower
21:42 Watch Tower
21:43 Watch Tower
22:03 Stronghold
22:59 Watch Tower
23:00 Watch Tower
23:01 Watch Tower
23:02 Watch Tower
24:03 Watch Tower
24:59 Watch Tower
25:02 Watch Tower
25:04 Watch Tower
25:04 Watch Tower
25:16 Watch Tower
25:19 Watch Tower
25:33 Watch Tower
25:35 Watch Tower
25:36 Watch Tower
25:37 Watch Tower
25:39 Watch Tower
25:39 Watch Tower
25:40 Watch Tower
25:41 Watch Tower
26:11 Watch Tower
26:15 Watch Tower
26:48 Watch Tower
26:50 Watch Tower
26:51 Watch Tower
26:52 Watch Tower
27:09 War Mill
27:24 Watch Tower
27:25 Watch Tower
27:26 Watch Tower
27:27 Watch Tower
27:29 Watch Tower
27:45 Watch Tower
27:48 Watch Tower
27:50 Watch Tower
28:21 Watch Tower
28:22 Watch Tower
28:25 Watch Tower
28:26 Watch Tower
28:27 Watch Tower
29:10 Watch Tower
29:13 Watch Tower
29:14 Watch Tower
29:15 Watch Tower
29:18 Watch Tower
29:19 Watch Tower
29:36 Watch Tower
29:40 Watch Tower
29:47 Watch Tower
29:50 Watch Tower
29:51 Watch Tower
29:53 Watch Tower
31:07 Watch Tower
31:11 Watch Tower
31:11 Watch Tower
33:01 Watch Tower
33:30 Altar of Storms
34:22 Watch Tower
34:24 Watch Tower
34:26 Watch Tower
34:32 Watch Tower
34:33 Watch Tower
34:34 Watch Tower
34:52 War Mill
36:49 Fortress
37:42 Watch Tower
37:46 Watch Tower
37:47 Watch Tower
37:48 Watch Tower
37:49 Watch Tower
37:49 Watch Tower
37:56 Watch Tower
37:58 Watch Tower
37:59 Watch Tower
38:00 Watch Tower
38:01 Watch Tower
38:31 Watch Tower
38:33 Watch Tower
38:34 Watch Tower
38:38 Watch Tower
38:39 Watch Tower
38:40 Watch Tower
38:41 Watch Tower
38:42 Watch Tower
38:43 Watch Tower
38:44 Watch Tower
38:45 Watch Tower
38:49 Watch Tower
38:50 Watch Tower
38:51 Watch Tower
38:52 Watch Tower
38:54 Watch Tower
38:55 Watch Tower
38:56 Watch Tower
38:58 Watch Tower
38:59 Watch Tower
38:59 Watch Tower
39:09 Watch Tower
39:09 Watch Tower
39:10 Watch Tower
39:11 Watch Tower
39:12 Watch Tower
39:13 Watch Tower
39:13 Watch Tower
39:14 Watch Tower
39:17 Watch Tower
39:19 Watch Tower
41:46 Watch Tower
41:49 Watch Tower
41:52 Watch Tower
41:53 Watch Tower
41:54 Watch Tower
41:54 Watch Tower
41:56 Watch Tower
41:58 Watch Tower
41:59 Watch Tower
42:47 Watch Tower
42:50 Watch Tower
42:51 Watch Tower
42:52 Watch Tower
42:54 Watch Tower
42:55 Watch Tower
42:56 Watch Tower
42:58 Watch Tower
42:59 Watch Tower
43:30 Stronghold
43:52 Watch Tower
43:54 Watch Tower
43:55 Watch Tower
43:55 Watch Tower
43:56 Watch Tower
43:58 Watch Tower
46:06 Beastiary
46:42 Watch Tower
46:43 Watch Tower
46:44 Watch Tower
46:47 Watch Tower
46:48 Watch Tower
46:49 Watch Tower
46:50 Watch Tower
46:52 Watch Tower
46:53 Watch Tower
46:56 Watch Tower
46:58 Watch Tower
47:25 Orc Burrow
47:28 Orc Burrow
47:31 Orc Burrow
47:32 Orc Burrow
47:36 Orc Burrow
47:37 Orc Burrow
48:26 Watch Tower
48:26 Watch Tower
48:27 Watch Tower
48:30 Watch Tower
48:31 Watch Tower
48:31 Watch Tower
48:33 Watch Tower
48:34 Watch Tower
48:35 Watch Tower
48:36 Watch Tower
48:37 Watch Tower
48:43 Watch Tower
48:44 Watch Tower
48:45 Watch Tower
48:46 Watch Tower
48:51 Watch Tower
48:53 Watch Tower
48:55 Watch Tower
48:55 Watch Tower
48:57 Watch Tower
48:58 Watch Tower
49:02 Watch Tower
51:27 Great Hall
51:31 Watch Tower
51:32 Watch Tower
51:33 Watch Tower
51:36 Watch Tower
51:38 Watch Tower
51:39 Watch Tower
51:41 Watch Tower
51:42 Watch Tower
51:43 Watch Tower
53:06 War Mill
53:10 War Mill
53:21 War Mill
54:13 Watch Tower
54:16 Watch Tower
54:16 Watch Tower
54:17 Watch Tower
54:19 Watch Tower
54:22 Watch Tower
54:22 Watch Tower
54:24 Watch Tower
54:24 Watch Tower
56:36 Watch Tower
56:38 Watch Tower
56:39 Watch Tower
56:45 Watch Tower
56:48 Watch Tower
56:49 Watch Tower
56:50 Watch Tower
56:52 Watch Tower
56:52 Watch Tower
56:53 Watch Tower
56:54 Watch Tower
56:55 Watch Tower
56:56 Watch Tower
56:56 Watch Tower
56:58 Watch Tower
57:13 Watch Tower
57:20 Watch Tower
57:33 Watch Tower
57:42 Watch Tower
58:27 Watch Tower
58:31 Watch Tower
58:32 Watch Tower
58:32 Watch Tower
58:34 Watch Tower
58:35 Watch Tower
58:39 Watch Tower
58:42 Watch Tower
58:43 Watch Tower
58:44 Watch Tower
59:51 Watch Tower
59:52 Watch Tower
59:54 Watch Tower
60:00 Watch Tower
60:01 Watch Tower
60:02 Watch Tower
60:03 Watch Tower
60:03 Watch Tower
60:05 Watch Tower
60:06 Watch Tower
60:06 Watch Tower
60:08 Watch Tower
60:09 Watch Tower
60:11 Watch Tower
61:16 Watch Tower
61:19 Watch Tower
61:19 Watch Tower
61:21 Watch Tower
61:22 Watch Tower
61:23 Watch Tower
61:24 Watch Tower
61:26 Watch Tower
62:18 Watch Tower
62:21 Watch Tower
62:21 Watch Tower
62:23 Watch Tower
62:26 Watch Tower
62:28 Watch Tower
62:29 Watch Tower
62:33 Watch Tower
62:34 Watch Tower
62:36 Watch Tower
62:38 Watch Tower
62:41 Watch Tower
62:43 Watch Tower
62:45 Watch Tower
62:46 Watch Tower
62:47 Watch Tower
62:50 Watch Tower
62:51 Watch Tower
62:53 Watch Tower
62:54 Watch Tower
62:55 Watch Tower
62:56 Watch Tower
65:50 Watch Tower
65:52 Watch Tower
65:53 Watch Tower
65:53 Watch Tower
65:54 Watch Tower
65:54 Watch Tower
65:56 Watch Tower
65:57 Watch Tower
65:58 Watch Tower
65:58 Watch Tower
67:05 Watch Tower
67:06 Watch Tower
67:07 Watch Tower
67:08 Watch Tower
67:09 Watch Tower
67:11 Watch Tower
67:40 Altar of Storms
71:39 Watch Tower
71:42 Watch Tower
71:43 Watch Tower
71:44 Watch Tower
74:27 Great Hall
75:27 Watch Tower
75:39 Watch Tower
76:06 Watch Tower
77:38 Watch Tower
77:47 Watch Tower
77:47 Watch Tower
77:48 Watch Tower
77:50 Watch Tower
77:50 Watch Tower
81:32 Watch Tower
81:33 Watch Tower
81:34 Watch Tower
81:35 Watch Tower
81:36 Watch Tower
81:36 Watch Tower
81:38 Watch Tower
81:39 Watch Tower
81:41 Watch Tower
81:41 Watch Tower
81:43 Watch Tower
83:45 Watch Tower
83:54 Watch Tower
83:55 Watch Tower
83:56 Watch Tower
83:59 Watch Tower
83:59 Watch Tower
84:02 Watch Tower
84:03 Watch Tower
84:04 Watch Tower
84:13 Watch Tower
84:17 Watch Tower
84:19 Watch Tower
84:19 Watch Tower
84:21 Watch Tower
84:22 Watch Tower
84:23 Watch Tower
84:24 Watch Tower
84:24 Watch Tower
84:59 Watch Tower
84:59 Watch Tower
85:00 Watch Tower
85:01 Watch Tower
85:02 Watch Tower
85:03 Watch Tower
85:04 Watch Tower
90:34 Watch Tower
90:36 Watch Tower
90:37 Watch Tower
90:37 Watch Tower
90:42 Watch Tower
90:42 Watch Tower
90:47 Watch Tower
90:48 Watch Tower
90:49 Watch Tower
90:50 Watch Tower
90:51 Watch Tower
90:52 Watch Tower
90:53 Watch Tower
90:55 Watch Tower
90:56 Watch Tower
90:57 Watch Tower
93:41 Watch Tower
93:49 Watch Tower
93:50 Watch Tower
93:52 Watch Tower
93:52 Watch Tower
93:55 Watch Tower
96:00 Great Hall
97:50 Watch Tower
97:52 Watch Tower
97:53 Watch Tower
97:54 Watch Tower
97:55 Watch Tower
97:56 Watch Tower
98:58 Watch Tower
99:01 Watch Tower
99:02 Watch Tower
99:02 Watch Tower
101:04 Watch Tower
101:04 Watch Tower
101:05 Watch Tower
101:06 Watch Tower
101:08 Watch Tower
101:10 Watch Tower
101:12 Watch Tower
101:14 Watch Tower
101:15 Watch Tower
101:16 Watch Tower
101:17 Watch Tower
101:18 Watch Tower
101:19 Watch Tower
101:20 Watch Tower
» items
| Gem of True Seeing | 1 | |
| Potion of Mana | 2 | |
| Potion of Healing | 9 | |
12 total
redsox18 (
pink | 8 APM | 487 actions | 59:47)
4 Far Seer
2 Chain Lighting
1 Feral Spirit
1 Far Sight
1 Tauren Chieftain
1 War Stomp
» actions
| Basic commands | 24 | |
| Build / train | 70 | |
| Enter build submenu | 47 | |
| Enter hero's abilities submenu | 5 | |
| Remove unit from queue | 3 | |
| Right click | 83 | |
| Select / deselect | 205 | |
| Use ability | 50 | |
487 total
» units
| Peon | 5 | |
| Troll Headhunter/Berserker | 30 | |
| Kodo Beast | 3 | |
| Tauren | 2 | |
| Raider | 7 | |
| Demolisher | 1 | |
48 total
» upgrades
| Ranged Weapons | 3 | |
| Spiked Barricades | 3 | |
| Troll Regeneration | 1 | |
| Pillage | 1 | |
| War Drums Damage Increase | 1 | |
| Ensnare | 1 | |
10 total
» buildings
| Altar of Storms | 1 | |
| Orc Burrow | 5 | |
| Barracks | 1 | |
| War Mill | 1 | |
| Watch Tower | 31 | |
| Stronghold | 1 | |
| Fortress | 1 | |
| Beastiary | 1 | |
| Tauren Totem | 1 | |
43 total
» build order
00:35 Altar of Storms
00:49 Orc Burrow
01:04 Barracks
02:03 War Mill
02:39 Orc Burrow
03:20 Watch Tower
03:45 Watch Tower
04:43 Watch Tower
05:41 Stronghold
06:32 Watch Tower
09:41 Watch Tower
09:52 Fortress
10:54 Watch Tower
11:03 Beastiary
12:04 Tauren Totem
12:28 Orc Burrow
14:23 Watch Tower
15:46 Orc Burrow
17:33 Watch Tower
18:49 Watch Tower
18:57 Watch Tower
19:15 Watch Tower
20:04 Watch Tower
20:35 Watch Tower
22:49 Watch Tower
22:54 Watch Tower
22:58 Watch Tower
24:04 Watch Tower
24:59 Watch Tower
25:06 Watch Tower
25:20 Watch Tower
26:34 Watch Tower
26:54 Watch Tower
27:01 Watch Tower
27:49 Watch Tower
28:16 Watch Tower
28:25 Watch Tower
29:01 Watch Tower
30:39 Orc Burrow
33:45 Watch Tower
34:21 Watch Tower
46:58 Watch Tower
47:04 Watch Tower
girlsam (
green | 12 APM | 782 actions | 63:56)
5 Priestess of the Moon
2 Searing Arrows
3 Trueshot Aura
» actions
| Build / train | 74 | |
| Enter build submenu | 20 | |
| Enter hero's abilities submenu | 5 | |
| Remove unit from queue | 4 | |
| Right click | 334 | |
| Select / deselect | 290 | |
| Use ability | 55 | |
782 total
» units
| Wisp | 8 | |
| Archer | 11 | |
| Huntress | 12 | |
| Hippogryph | 7 | |
| Chimaera | 4 | |
| Glaive Thrower | 1 | |
43 total
» upgrades
| Strength of the Moon | 3 | |
| Moon Armor | 3 | |
| Hippogryph Taming | 1 | |
| Reinforced Hides | 3 | |
| Upgrade Moon Glaive | 1 | |
| Corrosive Breath | 1 | |
| Improved Bows | 1 | |
| Marksmanship | 1 | |
| Strength of the Wild | 2 | |
16 total
» buildings
| Altar of Elders | 1 | |
| Moon Well | 7 | |
| Ancient of War | 1 | |
| Hunter's Hall | 1 | |
| Tree of Ages | 1 | |
| Ancient of Wind | 1 | |
| Tree of Eternity | 1 | |
| Chimaera Roost | 1 | |
| Ancient Protector | 2 | |
16 total
» build order
00:14 Altar of Elders
00:41 Moon Well
01:42 Moon Well
01:55 Ancient of War
02:41 Hunter's Hall
04:38 Tree of Ages
06:27 Moon Well
07:01 Ancient of Wind
09:08 Moon Well
10:38 Tree of Eternity
12:44 Chimaera Roost
16:08 Moon Well
17:39 Moon Well
18:41 Moon Well
24:46 Ancient Protector
24:52 Ancient Protector
» items
| Scroll of Town Portal | 1 | |
| Potion of Mana | 1 | |
| Potion of Healing | 1 | |
3 total
team 2 (loser)

»
White-Zero (
teal | 28 APM | 2852 actions | 102:45)
6 Lich
3 Frost Nova
2 Frost Armor
1 Death and Decay
» actions
| Assign group hotkey | 21 | |
| Basic commands | 69 | |
| Build / train | 134 | |
| ESC pressed | 3 | |
| Enter build submenu | 39 | |
| Enter hero's abilities submenu | 5 | |
| Right click | 1174 | |
| Select / deselect | 1004 | |
| Select group hotkey | 325 | |
| Use ability | 77 | |
2852 total
» units
| Acolyte | 14 | |
| Ghoul | 7 | |
| Crypt Fiend | 28 | |
| Rifleman | 18 | |
| Wisp | 6 | |
| Chimaera | 17 | |
| Forest Troll Shadow Priest | 2 | |
| Mortar Team | 2 | |
| Frost Wyrm | 9 | |
103 total
» upgrades
| Creature Attack | 3 | |
| Web | 1 | |
| Creature Carapace | 3 | |
| Lumber Harvesting | 1 | |
| Gunpowder | 1 | |
| Strength of the Wild | 3 | |
| Armor | 2 | |
| Corrosive Breath | 1 | |
| Reinforced Hides | 1 | |
| Freezing Breath | 1 | |
17 total
» buildings
| Altar of Darkness | 1 | |
| Crypt | 1 | |
| Ziggurat | 8 | |
| Graveyard | 1 | |
| Halls of the Dead | 1 | |
| Sacrificial Pit | 1 | |
| Keep | 1 | |
| Farm | 6 | |
| Black Citadel | 1 | |
| Ancient of Wind | 2 | |
| Chimaera Roost | 3 | |
| Moon Well | 3 | |
| Spirit Tower | 4 | |
| Tree of Life | 1 | |
| Boneyard | 2 | |
36 total
» build order
00:09 Altar of Darkness
00:14 Crypt
00:17 Ziggurat
01:45 Graveyard
02:17 Ziggurat
04:41 Halls of the Dead
05:19 Ziggurat
05:28 Ziggurat
05:33 Ziggurat
09:28 Sacrificial Pit
10:58 Keep
11:24 Farm
11:59 Black Citadel
12:35 Ancient of Wind
13:52 Chimaera Roost
14:16 Chimaera Roost
14:54 Ziggurat
14:57 Ziggurat
15:01 Ziggurat
15:46 Moon Well
17:01 Farm
17:07 Farm
17:45 Moon Well
19:15 Farm
19:17 Farm
19:20 Farm
27:03 Moon Well
29:25 Spirit Tower
29:27 Spirit Tower
29:31 Spirit Tower
29:42 Spirit Tower
46:10 Tree of Life
54:54 Ancient of Wind
57:08 Boneyard
57:15 Boneyard
58:21 Chimaera Roost
geist_50 (
purple | 13 APM | 142 actions | 10:32)
2 Archmage
1 Summon Water Elemental
1 Blizzard
» actions
| Basic commands | 3 | |
| Build / train | 21 | |
| Enter build submenu | 14 | |
| Enter hero's abilities submenu | 2 | |
| Right click | 26 | |
| Select / deselect | 59 | |
| Use ability | 17 | |
142 total
» units
» upgrades
» buildings
| Altar of Kings | 1 | |
| Farm | 6 | |
| Lumber Mill | 1 | |
| Blacksmith | 1 | |
| Barracks | 2 | |
| Scout Tower | 1 | |
| Guard Tower | 1 | |
13 total
» build order
00:04 Altar of Kings
00:10 Farm
00:31 Farm
01:22 Lumber Mill
01:56 Blacksmith
02:18 Barracks
02:59 Farm
03:39 Scout Tower
04:27 Guard Tower
06:26 Farm
06:32 Farm
07:08 Farm
08:04 Barracks

»
doubles08 (
orange | 42 APM | 505 actions | 12:04)
4 Demon Hunter
2 Immolation
2 Evasion
» actions
| Build / train | 28 | |
| Enter build submenu | 12 | |
| Enter hero's abilities submenu | 4 | |
| Remove unit from queue | 1 | |
| Right click | 308 | |
| Select / deselect | 123 | |
| Use ability | 29 | |
505 total
» units
| Wisp | 7 | |
| Huntress | 9 | |
| Druid of the Claw | 2 | |
18 total
» upgrades
| Strength of the Moon | 1 | |
| Druid of the Claw Training | 1 | |
2 total
» buildings
| Altar of Elders | 1 | |
| Moon Well | 5 | |
| Hunter's Hall | 1 | |
| Ancient of War | 1 | |
| Ancient Protector | 1 | |
| Tree of Ages | 1 | |
| Ancient of Lore | 1 | |
| Tree of Eternity | 1 | |
12 total
» build order
00:07 Altar of Elders
00:11 Moon Well
01:53 Hunter's Hall
01:58 Ancient of War
02:09 Moon Well
03:47 Moon Well
04:47 Moon Well
04:51 Ancient Protector
05:54 Moon Well
05:57 Tree of Ages
08:01 Ancient of Lore
09:25 Tree of Eternity
fastpitch_o13o (
blue | 11 APM | 757 actions | 71:02)
1 Far Seer
1 Chain Lighting
» actions
| Basic commands | 4 | |
| Build / train | 69 | |
| Enter build submenu | 46 | |
| Enter hero's abilities submenu | 1 | |
| Right click | 254 | |
| Select / deselect | 341 | |
| Use ability | 42 | |
757 total
» units
| Peon | 9 | |
| Troll Headhunter/Berserker | 10 | |
| Demolisher | 1 | |
| Wind Rider | 6 | |
| Tauren | 9 | |
| Peasant | 3 | |
| Mortar Team | 18 | |
| Rifleman | 1 | |
| Flying Machine | 1 | |
58 total
» upgrades
| Spiked Barricades | 3 | |
| Ranged Weapons | 1 | |
| Melee Weapons | 1 | |
| Armor | 1 | |
| Flare | 1 | |
7 total
» buildings
| Barracks | 1 | |
| War Mill | 2 | |
| Altar of Storms | 1 | |
| Orc Burrow | 8 | |
| Watch Tower | 15 | |
| Stronghold | 1 | |
| Beastiary | 1 | |
| Fortress | 1 | |
| Tauren Totem | 2 | |
| Workshop | 3 | |
35 total
» build order
00:52 Barracks
01:14 War Mill
01:56 Altar of Storms
02:28 Orc Burrow
03:10 Watch Tower
03:40 Orc Burrow
04:11 Stronghold
05:00 Watch Tower
05:06 Watch Tower
06:25 Watch Tower
07:35 Watch Tower
07:42 Orc Burrow
08:02 Orc Burrow
08:49 Watch Tower
09:09 Watch Tower
09:40 Beastiary
10:02 Orc Burrow
10:50 Watch Tower
12:48 Watch Tower
13:07 Fortress
13:25 Watch Tower
13:57 Watch Tower
14:20 Watch Tower
14:49 Watch Tower
15:24 Watch Tower
15:51 War Mill
15:59 Watch Tower
21:29 Orc Burrow
21:41 Tauren Totem
23:34 Tauren Totem
25:45 Orc Burrow
28:04 Orc Burrow
44:34 Workshop
54:50 Workshop
54:57 Workshop
Chat log
(00:22 / Allies) coolrobert: whats the plan doods
(00:25 / Allies) redsox18: cc
(00:29 / Allies) coolrobert: ok...
(00:30 / Allies) girlsam: cc
(00:31 / All) mayonegg: half rush half cc
(00:47 / Allies) girlsam: i'll cc
(00:54 / Allies) redsox18: me 2
(01:23 / Allies) girlsam: y and r rush
(01:31 / Allies) coolrobert: y and r?
(01:33 / Allies) redsox18: im cc
(01:39 / Allies) redsox18: yellow and red
(01:44 / Allies) girlsam: yes
(01:50 / Allies) coolrobert: i cant rush
(01:54 / Allies) coolrobert: im setting up for cc
(05:55 / All) mayonegg: move or die
(06:05 / All) White-Zero: yellow
(06:08 / All) White-Zero: lol
(06:12 / All) White-Zero: yellow ur funny
(06:20 / Allies) redsox18: yellow stip tellin them r plan u n00b
(06:26 / Allies) redsox18: switch to allies
(07:01 / Allies) coolrobert: help yellow
(13:56 / Allies) coolrobert: wait guys
(14:11 / Allies) coolrobert: comming
(18:25 / Allies) coolrobert: brb
(21:04 / Allies) redsox18: should we go on offense now
(21:50 / All) White-Zero: red
(21:54 / All) White-Zero: nice army of chims
(22:23 / Allies) redsox18: meet in mid?
(23:20 / Allies) coolrobert: back
(25:45 / Allies) redsox18: what we do now
(25:54 / Allies) girlsam: roange is there
(26:06 / Allies) girlsam: orange
(26:18 / Allies) redsox18: should we go for him
(27:18 / Allies) redsox18: should we go for orange guys
(27:31 / Allies) coolrobert: wait
(27:35 / Allies) redsox18: k
(27:54 / All) White-Zero: yellow
(27:59 / All) mayonegg: what
(28:00 / All) White-Zero: u r a noob for towering the middle
(28:03 / Allies) coolrobert: get some units
(28:06 / All) mayonegg: y
(28:07 / Allies) coolrobert: oragne
(28:27 / All) White-Zero: thats noobish
(28:52 / Allies) coolrobert: well to tell you the truth yellow it is, but if you build some units you'll be fine
(29:04 / All) mayonegg: don't tell me what to do
(29:48 / Allies) coolrobert: wait for a bit
(29:52 / Allies) redsox18: kk
(29:53 / Allies) coolrobert: i have ungrades comming
(29:59 / All) mayonegg: i need more gold
(30:10 / Allies) redsox18: freakin yellow
(30:18 / Allies) redsox18: stop talkin to everyone
(30:20 / Allies) coolrobert: how much gold do you have
(30:23 / Allies) redsox18: only ally chat
(30:27 / All) mayonegg: i told you not to order me around
(30:36 / All) White-Zero: dude ur a noob lol
(30:50 / Allies) coolrobert: yellow
(30:58 / Allies) redsox18: well your tellin the other team out plan u idiot
(31:03 / Allies) coolrobert: what are you doing
(31:12 / Allies) redsox18: wtf yellow
(31:19 / All) mayonegg: it's mine
(31:21 / All) mayonegg: ALL MINE
(31:21 / Allies) coolrobert: you qwer
(31:40 / All) mayonegg: HAHAHAHAHAHAHAHAHA
(31:41 / Allies) girlsam: i don't think so
(31:46 / Allies) coolrobert: yellow
(31:46 / Allies) girlsam: we r a team
(31:53 / Allies) coolrobert: youve made us lose
(31:59 / Allies) girlsam: not a 1 man team
(32:05 / All) mayonegg: i am
(32:15 / Allies) redsox18: youll die
(32:20 / All) mayonegg: we'll see
(32:26 / All) White-Zero: green come here
(32:52 / All) White-Zero: lol
(33:24 / Allies) redsox18: yellow your a n00b
(33:48 / Allies) coolrobert: yellow youve made us lose
(33:55 / Allies) redsox18: blue is attackin me
(33:57 / Allies) redsox18: help
(33:59 / Allies) coolrobert: we were doing good
(35:01 / Allies) coolrobert: yellow
(35:04 / Allies) coolrobert: god dam you
(35:11 / Allies) redsox18: no let them kill yellow hes a n00b
(35:13 / All) White-Zero: yellow nice mid lol
(35:16 / All) mayonegg: thanks
(35:26 / All) White-Zero: honestly i like ur style
(35:29 / All) redsox18: go blue kill yellow we hate em
(35:41 / All) mayonegg: thanks
(35:47 / All) mayonegg: i like my style too
(35:59 / Allies) coolrobert: what to cheat and backstab?
(35:59 / Allies) girlsam: y are u destroying everypne?
(36:09 / Allies) girlsam: everyone yellow???
(36:14 / All) mayonegg: i hate everyone
(36:16 / All) mayonegg: except teal
(36:22 / Allies) coolrobert: well you know what
(36:34 / All) mayonegg: oh no not that
(36:39 / All) mayonegg: plz not my empty shell of a base
(36:47 / Allies) coolrobert: lol
(36:52 / Allies) redsox18: u bitch
(36:54 / Allies) coolrobert: yellow you suck
(37:02 / Allies) coolrobert: your only hope was to back stab
(37:14 / All) mayonegg: 12000 gold
(37:16 / All) mayonegg: all wasted
(37:19 / All) mayonegg: oh god it's so delicious
(37:22 / Allies) coolrobert: if i new you were on the other team i would have killed you at the start
(37:31 / All) mayonegg: see my chain of 15 peons?
(37:35 / All) mayonegg: oh it's so beautiful
(38:14 / Allies) girlsam: please give me gold
(38:19 / All) mayonegg: let me think about it
(39:49 / All) girlsam: hey everyone
(39:54 / All) White-Zero: green u ready?
(40:02 / All) mayonegg: kill green plz teal
(40:04 / All) mayonegg: and you'll be my hero
(40:11 / All) mayonegg: a/s/l
(40:14 / All) White-Zero: ok lol
(40:17 / All) mayonegg: 16/f/ca
(40:22 / All) girlsam: well i just wanted a good game
(41:10 / All) girlsam: andi know that u yellow r screwd
(41:33 / All) mayonegg: happy?
(42:04 / All) girlsam: everyone i just want to see u get killed yellow
(42:13 / All) mayonegg: whattup blue
(42:14 / All) girlsam: please kill yellow
(42:36 / All) mayonegg: bye blue :(
(42:39 / All) White-Zero: lol
(46:08 / All) redsox18: yeah orange
(46:12 / All) White-Zero: y?
(46:15 / All) White-Zero: ?
(46:18 / All) girlsam: orange u rock!!!!!
(46:30 / All) redsox18: cuz yellow is n00b
(46:31 / All) White-Zero: lol, only reason he rocks, im controling him lol
(46:56 / All) White-Zero: i controlled 3 bases
(47:19 / All) girlsam: bestroy yellow
(47:28 / All) girlsam: destroy yellow
(47:32 / All) girlsam: now!!!!!!!
(47:33 / All) White-Zero: i will
(47:38 / All) White-Zero: trust me, we have an idea
(47:42 / All) mayonegg: haha
(47:43 / All) girlsam: no,now!!!
(48:08 / All) girlsam: forget pink
(48:14 / All) girlsam: get yellow now!!!
(48:16 / All) redsox18: oh thanx
(48:19 / All) redsox18: yeah
(48:24 / All) redsox18: im ownage
(48:26 / All) redsox18: lol
(49:11 / All) White-Zero: nice stand pink
(49:18 / All) redsox18: thanx
(49:20 / All) redsox18: i try
(49:32 / All) redsox18: hey guys where blue on your team
(49:35 / All) girlsam: pink stay around and watch yellow die
(49:36 / All) redsox18: wtf is he doin
(49:43 / All) redsox18: oh yeah i will
(49:52 / All) White-Zero: blue is now controlling 1 of the 2 extra bases
(50:03 / All) redsox18: he aint doin squat
(50:23 / All) White-Zero: yes he is
(50:26 / All) redsox18: die yellow u suck
(50:30 / All) White-Zero: he started yesterday he is doing good
(50:32 / All) mayonegg: i love you too
(50:36 / All) girlsam: kill yellow now!!!!!!~!
(50:43 / All) White-Zero: k
(50:47 / All) redsox18: yellow y cant u use your n00b power for good
(50:49 / All) White-Zero: well ill try
(50:57 / All) redsox18: u dirty bastard
(51:04 / All) White-Zero: hold on
(51:04 / All) girlsam: who?
(51:10 / All) redsox18: yellow
(51:16 / All) girlsam: ya i know
(51:33 / All) girlsam: get air and chims orange and blue
(51:59 / All) girlsam: after this game search 4v4 again and see what happens
(52:01 / All) redsox18: kill yellow that bitchy fuckin bastard
(52:06 / All) redsox18: sure
(52:28 / All) redsox18: go
(52:35 / All) redsox18: go go go go go go go
(52:52 / All) mayonegg: kill all you want
(52:56 / All) mayonegg: i can easily rebuild
(53:05 / All) redsox18: i will die
(53:24 / All) girlsam: and we can easily kill u in a next game
(53:25 / All) redsox18: but if the other team didnt kill us we can help kill yellow
(53:38 / All) mayonegg: you guys couldn't kill a fly
(53:45 / All) redsox18: hahahah his gold mine collapsed
(53:50 / All) mayonegg: oh no
(53:52 / All) girlsam: ya right i know u can't
(53:56 / All) redsox18: dangit he has two
(56:57 / All) redsox18: green u still here
(57:04 / All) White-Zero: ya he is
(57:16 / All) redsox18: cmon u can kill this guy
(57:21 / All) mayonegg: haha
(59:23 / All) girlsam: kill yellow now!!!!!!!!!!!!!!!!
(59:29 / All) White-Zero: hold on! we r getting armys
(59:39 / All) redsox18: im out good luck
(59:41 / All) mayonegg: my god, not armies
(61:38 / All) mayonegg: man, i love wasting this gold
(63:14 / All) girlsam: yellow u suck and your gold mine is nearly all calapced
(63:18 / All) mayonegg: I know
(63:26 / All) mayonegg: But imagine how gold starved THEY are
(63:37 / All) mayonegg: Plus I'm using all this gold up on high upkeep
(63:40 / All) girlsam: i hope yall win orange
(63:42 / All) girlsam: bye
(63:45 / All) mayonegg: Man, it feels so good to waste 60% right off the bat
(66:00 / All) White-Zero: yellow
(66:04 / All) mayonegg: wuttup
(66:14 / All) White-Zero: would u end up quiting or not lol
(66:17 / All) mayonegg: nah
(66:21 / All) White-Zero: or u making us bust through the mid
(66:25 / All) mayonegg: ya
(70:18 / All) mayonegg: that was pretty scary
(70:23 / All) mayonegg: you'll need about 20 more of those, though
(70:51 / All) White-Zero: yellow
(70:57 / All) White-Zero: yellow
(70:58 / All) mayonegg: yo
(71:08 / All) White-Zero: y do u do this?
(71:11 / All) mayonegg: it's hilarious
(71:16 / All) mayonegg: look at you
(71:21 / All) mayonegg: a pathetic creature of meat and bone
(71:27 / All) mayonegg: panting and sweating as you run through my corridors
(72:07 / All) mayonegg: so when are you busting through the mid
(72:10 / All) mayonegg: wasn't that your scouting party earlier?
(73:23 / All) White-Zero: ill make u a deal
(73:28 / All) mayonegg: shoot
(73:59 / All) White-Zero: well is there anyway u can let me win, then we can get arrange team and we will win a 2v2?
(74:14 / All) mayonegg: let me think about it
(74:20 / All) mayonegg: give me a sacrifice to show your devotion
(74:31 / All) White-Zero: how?
(74:44 / All) mayonegg: I demand you send a lone, high level hero to the top left corner of the map
(74:46 / All) mayonegg: There we shall duel
(75:01 / All) White-Zero: lol my highest hero is blues level 5
(75:09 / All) mayonegg: that is why i called this a sacrifice
(75:16 / All) mayonegg: in fact, send every hero and fight me in a series of one on one duels
(75:37 / All) White-Zero: i dont have any gold to do it
(75:43 / All) mayonegg: That's a shame
(75:52 / All) mayonegg: Then my BM will convince you to find the gold
(76:35 / All) mayonegg: look at them suffer
(76:37 / All) mayonegg: you could save them
(77:14 / All) White-Zero: ill send 2 heros, thats all i can afford
(77:18 / All) White-Zero: ojs and mine
(77:20 / All) mayonegg: i demand three
(77:39 / All) mayonegg: yes, more gold
(77:43 / All) mayonegg: oh god it's so beautiful
(78:09 / All) White-Zero: k i got 3
(78:21 / All) mayonegg: ok, but they all must be lv 4 or higher!
(78:48 / All) White-Zero: i have a 6 a 4 and a 1
(78:58 / All) mayonegg: The total average is under 4 per hero!
(79:02 / All) mayonegg: TOJARA IS NOT PLEASED
(79:45 / All) White-Zero: fuck 1 just died, omg
(79:51 / All) mayonegg: SO ANGRY
(80:16 / All) mayonegg: hi
(80:26 / All) White-Zero: these r the 2
(80:46 / All) mayonegg: it was all a cunning trap
(81:07 / All) White-Zero: thats all i had
(81:13 / All) mayonegg: i want more
(81:22 / All) White-Zero: like what
(81:26 / All) mayonegg: i don't know
(81:28 / All) mayonegg: BUT MORE
(81:36 / All) White-Zero: i can feed the mid
(81:46 / All) White-Zero: with my 1 frosty
(81:46 / All) mayonegg: feed it
(81:52 / All) White-Zero: k
(82:27 / All) mayonegg: if you can hit my citadel with anything, i might consider letting you win
(82:38 / All) White-Zero: citadel?
(82:46 / All) mayonegg: Tier 3 townhall in the center of the mid
(83:01 / All) White-Zero: k lemme scan my bases
(83:15 / All) White-Zero: k here i come i found some stuff
(83:20 / All) mayonegg: ok
(83:49 / All) mayonegg: not enough
(83:58 / All) White-Zero: something is coming
(84:02 / All) White-Zero: if i get 1 hit
(84:06 / All) mayonegg: yes
(84:08 / All) mayonegg: one hit
(84:11 / All) White-Zero: fuck
(84:17 / All) White-Zero: lemme check my base
(84:30 / All) mayonegg: by getting 1 hit, you prove you are good enough to play with me
(84:44 / All) White-Zero: k
(84:51 / All) White-Zero: after we meet in channel usa?
(84:55 / All) mayonegg: if you can do it
(85:00 / All) White-Zero: k just 1 hit?
(85:04 / All) mayonegg: yes
(85:09 / All) White-Zero: here i go
(85:25 / All) White-Zero: fuck!!!!!!!!!!!!!!!!!!!!
(85:57 / All) mayonegg: it seems you have chosen... poorly
(86:09 / All) White-Zero: hold on
(86:15 / All) White-Zero: i might be able to get a hit
(86:16 / All) mayonegg: you have until i destroy your bases to convince me to leave
(86:18 / All) mayonegg: ok
(86:22 / All) White-Zero: k
(88:38 / All) mayonegg: shades can't hit things
(88:44 / All) White-Zero: i know
(89:32 / All) White-Zero: how did u finally see those?
(89:39 / All) mayonegg: ancient chinese secret
(90:07 / All) White-Zero: i have 0 gold lol
(90:16 / All) mayonegg: then i guess you have to prove your worthiness with words
(90:27 / All) White-Zero: how?
(90:43 / All) mayonegg: surprise me
(90:55 / All) White-Zero: with wat? i have nothing
(91:01 / All) mayonegg: maybe if you sing me a song
(91:04 / All) mayonegg: sing a song for your life
(91:33 / All) White-Zero: ....what song
(91:42 / All) mayonegg: one that will please tojara
(92:37 / All) White-Zero: oooo tojara how u swing ur blade, lord o blademasters!!!! please spare my life
(92:43 / All) White-Zero: lol
(92:52 / All) mayonegg: i like where this is going
(92:53 / All) mayonegg: continue
(93:58 / All) White-Zero: tojara! tojara! you are the best of the best! you are the king of all kings! you are the blade master!! you are the best!
(94:20 / All) mayonegg: are you calling tojara jesus?
(94:25 / All) White-Zero: lord o blade masters! please spare my life! for i cant save myself! tojara! tojara!
(94:50 / All) White-Zero: no, but he is close to jesus, about a thimble notch away
(95:08 / All) mayonegg: are you saying you want to crucify him
(95:13 / All) mayonegg: tojara is not pleased
(95:22 / All) White-Zero: he is the best! tojara! tojara! you are the best!
(95:29 / All) White-Zero: no i dont want to crucify him
(95:31 / All) mayonegg: tojara is content... for now
(95:35 / All) mayonegg: only your song calms his heart
(96:46 / All) mayonegg: tojara has let slip the dogs of war
(97:02 / All) White-Zero: take tojara to oranges old base
(97:05 / All) mayonegg: HOW DARE YOU KILL TOJARA'S DOGS
(97:14 / All) mayonegg: YOU KILLED HIS DOGS
(97:24 / All) mayonegg: TOJARA WILL NEVER FORGIVE YOU FOR THIS.. TREACHERY
(97:27 / All) White-Zero: keep him there
(97:41 / All) mayonegg: yes, feed tojara
(98:49 / All) mayonegg: where is your soothing song
(101:06 / All) White-Zero: oooo tojara! please spare my life! ohhhhhhh tojara!!
(101:29 / All) White-Zero: tojara! tojara! please spare my life! i cannot save myself! tojara! tojara!